 Dungeon Crawl Stone Soup version 0.30-a0-540-g0af01429fa (webtiles) character file.

Game seed: 14826573844837423586

27 Jase the Covered (level 3, 0/31 HPs)
             Began as a Hill Orc Fighter on Dec 25, 2022.
             Slain by Natasha (4 damage)
             ... on level 2 of the Dungeon.
             The game lasted 00:01:12 (1139 turns).

Jase the Covered (Hill Orc Fighter)                 Turns: 1139, Time: 00:01:13

Health: 0/31       AC:  7    Str: 20    XL:     3   Next: 10%
Magic:  3/3        EV:  9    Int:  8    God:
Gold:   61         SH:  0    Dex: 10    Spells: 2/2 levels left

rFire   . . .      SeeInvis .    a - +0 war axe
rCold   . . .      Faith    .    (no shield)
rNeg    . . .      Spirit   .    b - +0 scale mail
rPois   .          Reflect  .    (no helmet)
rElec   .          Harm     .    (no cloak)
rCorr   .          Rampage  .    (no gloves)
Will    .....                    (no boots) Stlth
                                 (no amulet)
HPRegen 0.25/turn                (no ring)
MPRegen 0.08/turn                (no ring)

@: slowed, very slow
A: no striking features
a: no special abilities


You were on level 2 of the Dungeon.
You visited 1 branch of the dungeon, and saw 2 of its levels.

You collected 61 gold pieces.

Inventory:

Hand Weapons
 a - a +0 war axe (weapon)
Missiles
 f - 8 stones (quivered)
 i - 2 throwing nets
Armour
 b - a +0 scale mail (worn)
Scrolls
 e - a scroll of noise {unknown}
 g - a scroll of torment {unknown}
 h - a scroll of identify {unknown}
 j - 2 scrolls of teleportation {unknown}
 k - a scroll of brand weapon {unknown}
 l - 2 scrolls of immolation {unknown}
Potions
 c - a potion of haste {unknown}
 d - a potion of might
 m - a potion of flight {unknown}


   Skills:
 - Level 3.6 Fighting
 + Level 3.8 Axes
 + Level 4.0 Armour
 - Level 3.2 Shields


You had 2 spell levels left.
You didn't know any spells.
Your spell library was empty.

Dungeon Overview and Level Annotations

Branches:
Dungeon (2/15)

Altars:

Annotations:
D:2 Natasha


Message History

Natasha claws you.
You closely miss Natasha. Natasha claws you. Natasha closely misses you.
You barely miss Natasha.
Natasha stares at you and mumbles some strange words.
You feel yourself slow down.
You hit Natasha.
Natasha is heavily wounded.
Natasha barely misses you.
Natasha stares at you and mumbles some strange words.
You resist with significant effort.
You barely miss Natasha.
Natasha is moderately wounded.
Natasha claws you. x2
You closely miss Natasha.
Natasha is moderately wounded.
Natasha claws you!
Natasha mumbles some strange words.
Natasha glows brightly for a moment.
Natasha claws you.
You are too injured to fight recklessly!
You are too injured to fight recklessly!
You are too injured to fight recklessly!
You barely miss Natasha.
Natasha is moderately wounded.
Natasha closely misses you. Natasha claws you.
* * * LOW HITPOINT WARNING * * *
You closely miss Natasha.
Natasha is moderately wounded.
Natasha casts a spell at you. You resist with significant effort.
The crimson imp disappears for a moment.
Natasha closely misses you.
You hit Natasha but do no damage.
Natasha is moderately wounded.
Natasha mumbles some strange words.
You feel troubled. Natasha claws you.
* * * LOW HITPOINT WARNING * * *
Natasha claws you.
You die...

### ### # #.#
#.#######.# ######.#
#......@h5#
.......###.###..##.#
####.............# #
#.#.###.#.....#.#
#.#.............#
#.#####.#.......#
#.#.....†......##
####.#.###.........#
..................>#


You could see Natasha and a crimson imp (summoned).

Vanquished Creatures
  An adder (D:2)
  4 endoplasms (D:1)
  2 hobgoblins (D:1)
  4 kobolds (D:1)
  A ball python (D:1)
  A bat (D:1)
  A frilled lizard (D:1)
  A goblin (D:1)
  3 rats (D:1)
18 creatures vanquished.

Notes
Turn   | Place    | Note
-------+----------+-------------------------------------------
     0 | D:1      | Jase the Hill Orc Fighter began the quest for the Orb.
     0 | D:1      | Reached XP level 1. HP: 19/19 MP: 1/1
   237 | D:1      | Reached XP level 2. HP: 24/26 MP: 2/2
  1063 | D:2      | Reached skill level 4 in Armour
  1063 | D:2      | Reached XP level 3. HP: 21/31 MP: 3/3
  1129 | D:2      | Noticed Natasha
  1139 | D:2      | Slain by Natasha

Illustrated notes

Levels and vault maps discovered:
D:1:      minmay_arrival_wavy_path, layout_basic, serial_rivers,
          chequers_serial_rivers_marsh, chequers_serial_rivers_micro_b,
          chequers_serial_rivers_room_b, chequers_serial_rivers_micro_d,
          nicolae_figureground_pulse
D:2:      layout_basic, chequers_avenue, chequers_serial_rivers_room_b,
          minmay_mini_jars, uniq_natasha

Skill      XL: |  1  2 |
---------------+-------+-----
Axes           | 3 |  3.8
Armour         | 4 |  4.0
Fighting       | |  3.6
Shields        | |  3.2

Action                   || total
-------------------------++-------
Melee: War axe           ||    52
Armor: Scale mail        ||    23
Dodge: Dodged            ||    28

Table legend: (Time is in decaauts)
 A = Elapsed time spent in this place.
 B = Non-inter-level travel time spent in this place.
 C = Inter-level travel time spent in this place.
 D = Time resting spent in this place.
 E = Time spent auto-exploring this place.
 F = Levels seen in this place.
 G = Mean time per level.
                   A        B        C        D        E       F      G
               +--------+--------+--------+--------+--------+-----+--------+
         Total |   1161 |   1151 |     10 |      0 |    984 |   2 |  580.5 |
       Dungeon |   1161 |   1151 |     10 |      0 |    984 |   2 |  580.5 |
               +--------+--------+--------+--------+--------+-----+--------+

Top non-repeatable levels by time:
     D:1: 1013 daAuts
     D:2: 148 daAuts
